 Dungeon Crawl Stone Soup version 0.17-a0-1-g1f4be75 (console) character file.

812 Fusha the Digger (level 7, 0/57 HPs)
             Began as a Deep Dwarf Earth Elementalist on Mar 8, 2015.
             Slain by an iguana (12 damage)
             ... on level 5 of the Dungeon.
             The game lasted 00:20:12 (4311 turns).

Fusha the Digger (Deep Dwarf Earth Elementalist)    Turns: 4311, Time: 00:20:13

Health: 0/57       AC:  4    Str: 12    XL:     7   Next: 61%
Magic:  2/17       EV: 13    Int: 25    God:
Gold:   217        SH:  0    Dex: 13    Spells: 4 memorised, 3 levels left

rFire  . . .     SeeInvis .     D - +2 war axe (vamp)
rCold  + . .     Clarity  .     v - +1 leather armour {rC+}
rNeg   . . .     SustAb   .     (no shield)
rPois  .         Gourm    .     (no helmet)
rElec  .         Spirit   .     (no cloak)
rCorr  .         Warding  .     (no gloves)
rMut   +         Stasis   .     (no boots)
MR     +....                    j - amulet of resist mutation
Stlth  ++........               w - ring of wizardry (curse)
                                n - ring of Birdsong {+Fly Int+8}

@: very slightly contaminated, non-regenerating, somewhat resistant to hostile
enchantments, unstealthy
A: damage resistance, recharge devices, sense surroundings 1, slow healing 3
a: Device Recharging, Evoke Flight


You were on level 5 of the Dungeon.
You were not hungry.

You visited 1 branch of the dungeon, and saw 5 of its levels.

You collected 217 gold pieces.

Inventory:

Hand weapons
 a - a +0 hand axe
 m - a -2 whip
 D - a +2 vampiric war axe (weapon)
Missiles
 b - 36 stones (quivered)
Armour
 c - a +0 robe
 v - a +1 leather armour of cold resistance (worn)
Jewellery
 j - an amulet of resist mutation (around neck)
 n - the ring of Birdsong (left hand) {+Fly Int+8}
   (You found it on level 4 of the Dungeon)

   [ring of flight]

   It affects your intelligence (+8).
   It lets you fly.
 r - an uncursed ring of wizardry
 t - an uncursed ring of protection from magic
 w - a cursed ring of wizardry (right hand)
 A - an uncursed ring of protection from magic
Magical devices
 y - a wand of heal wounds (5)
 E - a wand of random effects (26)
Scrolls
 h - 3 scrolls of teleportation
 i - 2 scrolls of fear {unknown}
 p - 2 scrolls of remove curse
 s - a scroll of immolation {unknown}
 x - a scroll of blinking {unknown}
 C - a scroll of identify
Potions
 e - 4 potions of curing {unknown}
 g - a potion of heal wounds
 l - 2 potions of haste
 o - a potion of flight {unknown}
 q - a potion of degeneration
 u - 2 potions of agility {unknown}
 B - a potion of lignification
 G - a potion of beneficial mutation {unknown}
Books
 d - a book of Geomancy

   Spells                             Type                      Level
   a - Sandblast                      Earth                        1
   b - Stoneskin                      Transmutation/Earth          2
   c - Passwall                       Transmutation/Earth          3
   d - Stone Arrow                    Conjuration/Earth            3
   e - Petrify                        Transmutation/Earth          4
   f - Lee's Rapid Deconstruction     Earth                        5
 z - a book of Unlife

   Spells                             Type                      Level
   a - Recall                         Summoning/Translocation      3
   b - Animate Dead                   Necromancy                   4
   c - Control Undead                 Necromancy                   4
   d - Cigotuvi's Embrace             Necromancy                   5
   e - Death Channel                  Necromancy                   6
   f - Simulacrum                     Ice/Necromancy               6
Comestibles
 f - a bread ration
 k - 4 meat rations
 F - a slice of pizza


   Skills:
 + Level 1.3 Fighting
 + Level 1.5 Axes
 - Level 1.0 Armour
 + Level 4.0 Dodging
 + Level 3.4 Stealth
 + Level 4.2 Spellcasting
 + Level 1.3 Conjurations
 + Level 1.2 Transmutations
 + Level 7.5 Earth Magic


You had 3 spell levels left.
You knew the following spells:

 Your Spells              Type           Power        Failure   Level  Hunger
a - Sandblast             Erth           #####.       1%          1    None
b - Stoneskin             Trmt/Erth      ####....     1%          2    None
c - Stone Arrow           Conj/Erth      ####..       2%          3    ##.....
d - Lee's Rapid Deconstr  Erth           #####.....   6%          5    #####..


Dungeon Overview and Level Annotations

Branches:
Dungeon (5/15)
 Temple: D:4-7

Altars:
Sif Muna

Shops:
D:4 %


Innate Abilities, Weirdness & Mutations

You are resistant to damage.
You can recharge devices by infusing magical energy.
You passively map a small area around you.
You do not heal naturally.


Message History

Aim: an iguana You miscast Stone Arrow.
You are very lightly contaminated with residual magic.
Strange energies run through your body. The iguana closely misses you.
Casting: Stone Arrow
Confirm with . or Enter, or press ? or * to list all spells.
Aiming: Stone Arrow
Press: ? - help, Shift-Dir - straight line, f/p - iguana
Aim: an iguana The stone arrow hits the iguana.
The iguana is heavily wounded.
The iguana misses you.
Casting: Stone Arrow
Confirm with . or Enter, or press ? or * to list all spells.
Aiming: Stone Arrow
Press: ? - help, Shift-Dir - straight line, f/p - iguana
Aim: an iguana (heavily wounded)
The stone arrow misses the iguana.
The giant gecko closely misses you. The iguana bites you!
You die...

* * * , * * * ,
, * * * , * , ,
* #### * ** ,
,..#,#,* ,
###.####.#.#,
........@l.# *
*
###.....l....#,
+..........# *
* *#.........##
#.........#* ,
####.###### #.
* .. , , * , *


You could see an iguana and a giant gecko.

Vanquished Creatures
  Pikel (D:4)
  A phantom (D:4)
  A giant frog skeleton (D:4)
  2 orc wizards
  A killer bee zombie (D:3)
  5 adders
  A giant mite (D:2)
  A worm (D:4)
  An ooze (D:1)
  7 orcs
  A bat skeleton (D:4)
  5 giant cockroaches
  8 goblins
  11 hobgoblins
  9 jackals
  3 ball pythons
  13 bats
  2 giant geckos (D:3)
  8 giant newts
  11 kobolds
  A quokka (D:4)
  5 rats
98 creatures vanquished.

Notes
Turn   | Place    | Note
--------------------------------------------------------------
     0 | D:1      | Fusha, the Deep Dwarf Earth Elementalist, began the quest for the Orb.
     0 | D:1      | Reached XP level 1. HP: 15/15 MP: 2/2
     2 | D:1      | Noticed an electric eel
   347 | D:1      | Reached XP level 2. HP: 22/22 MP: 0/4
   447 | D:1      | Learned a level 2 spell: Stoneskin
   862 | D:1      | Reached XP level 3. HP: 22/28 MP: 0/6
  1297 | D:2      | Reached skill level 5 in Earth Magic
  1380 | D:2      | Reached XP level 4. HP: 27/36 MP: 2/8
  1528 | D:2      | Learned a level 3 spell: Stone Arrow
  2769 | D:3      | Found a deep blue altar of Sif Muna.
  2815 | D:3      | Reached XP level 5. HP: 31/42 MP: 3/11
  3110 | D:4      | Noticed a phantom
  3111 | D:4      | Reached skill level 6 in Earth Magic
  3283 | D:4      | Got a steaming marble ring
  3285 | D:4      | Identified the ring of Birdsong {+Fly Int+8} (You found it on level 4 of the Dungeon)
  3779 | D:4      | Killed a phantom
  3779 | D:4      | Reached skill level 1 in Armour
  3779 | D:4      | Reached XP level 6. HP: 41/50 MP: 0/13
  3919 | D:4      | Found Frino Heiss' Food Shop.
  4190 | D:4      | Noticed a slave
  4191 | D:4      | Noticed Pikel
  4192 | D:4      | Noticed a slave
  4193 | D:4      | Noticed a slave
  4196 | D:4      | Noticed a slave
  4228 | D:4      | Killed Pikel
  4228 | D:4      | Reached skill level 1 in Fighting
  4228 | D:4      | Reached skill level 1 in Axes
  4228 | D:4      | Reached skill level 1 in Conjurations
  4228 | D:4      | Reached skill level 1 in Transmutations
  4228 | D:4      | Reached skill level 7 in Earth Magic
  4228 | D:4      | Reached XP level 7. HP: 16/57 MP: 9/17
  4237 | D:4      | Learned a level 5 spell: Lee's Rapid Deconstruction
  4305 | D:5      | Entered Level 5 of the Dungeon
  4311 | D:5      | Slain by an iguana

Action                   |  1- 3 |  4- 6 |  7- 9 || total
-------------------------+-------+-------+-------++-------
Melee: Unarmed           |    17 |       |       ||    17
       Hand axe          |       |     2 |       ||     2
       War axe           |       |    51 |     1 ||    52
 Cast: Sandblast         |    66 |    76 |       ||   142
       Stone Arrow       |       |    17 |     5 ||    22
       Stoneskin         |       |     2 |       ||     2
  Use: Scroll            |     4 |     3 |       ||     7
 Stab: Sleeping          |       |       |     1 ||     1
  Eat: Bread ration      |     1 |     1 |       ||     2
       Meat ration       |       |     1 |       ||     1
       Fruit             |       |     1 |       ||     1
       Pizza             |       |     1 |       ||     1
       Beef jerky        |       |     1 |       ||     1
